 Dungeon Crawl Stone Soup version 0.28-a0-1447-ga5a8893891 (webtiles) character file.

Game seed: 9625069076904163727

526 oldriver the Skirmisher (level 7, -1/56 HPs)
             Began as a Formicid Chaos Knight on Jan 11, 2022.
             Was a Plaything of Xom.
             Slain by an orc warrior (15 damage)
             ... on level 7 of the Dungeon.
             The game lasted 00:04:21 (3879 turns).

oldriver the Skirmisher (Formicid Chaos Knight)     Turns: 3879, Time: 00:04:22

Health: -1/56      AC:  8    Str: 14    XL:     7   Next: 47%
Magic:  7/7        EV: 12    Int: 12    God:    Xom [.....*]
Gold:   211        SH:  0    Dex: 10    Spells: 6/6 levels left

rFire   + . .      SeeInvis +   a - +0 hand axe (chaos)
rCold   + . .      Faith    .   (no shield)
rNeg    . . .      Spirit   .   b - +2 leather armour
rPois   .          Reflect  .   (helmet unavailable)
rElec   .          Harm     .   f - +0 cloak
rCorr   +          Rampage  .   d - +0 pair of gloves
Will    +++..                   (no boots)
Stlth   +.........              h - amulet of magic regeneration
HPRegen 0.18/turn               n - ring of Lusoessi {rF+ rC+ Will+++ rCorr Str-4}
MPRegen 0.50/turn               (no ring)

@: no status effects
A: permanent stasis, dig shafts and tunnels, antennae 3, four strong arms
a: Dig, Shaft Self, Renounce Religion


You were on level 7 of the Dungeon.
You worshipped Xom.
You were Xom's teddy bear.
You visited 1 branch of the dungeon, and saw 5 of its levels.

You collected 211 gold pieces.

Inventory:

Hand Weapons
 a - a +0 hand axe of chaos (weapon)
Missiles
 e - 21 poisoned darts
Armour
 b - a +2 leather armour (worn)
 d - a +0 pair of gloves (worn)
 f - a +0 cloak (worn)
Jewellery
 h - an amulet of magic regeneration (around neck)
 n - the ring of Lusoessi (left hand) {rF+ rC+ Will+++ rCorr Str-4}
   (You found it on level 3 of the Dungeon)

   [ring of protection from cold]

   Str:       It affects your strength (-4).
   rF:        It protects you from fire.
   rC:        It protects you from cold.
   rCorr:     It protects you from acid and corrosion.
   Will:      It greatly increases your willpower.
Scrolls
 c - a scroll of torment {unknown}
 g - 2 scrolls of identify
 i - 3 scrolls of teleportation {unknown}
 k - 2 scrolls of vulnerability
 l - a scroll of enchant armour {unknown}
 m - a scroll of amnesia {unknown}


   Skills:
 + Level 5.2 Fighting
 + Level 4.7 Axes
 + Level 4.5 Armour
 + Level 3.3 Dodging


You had 6 spell levels left.
You didn't know any spells.
Your spell library contained the following spells:

 Spells                   Type           Power      Damage    Failure   Level
 Chain Lightning          Conj/Air       0%         N/A       100%        9
 Fire Storm               Conj/Fire      0%         5d1       100%        9
 Shatter                  Erth           0%         3d5*      100%        9


Dungeon Overview and Level Annotations

Branches:
Dungeon (4/15)
 Temple: D:4-7

Altars:
Gozag

Shops:
D:1 :

Annotations:
D:3 2 transporters, RancidPinata's ghost, weakling GrDe


Innate Abilities, Weirdness & Mutations

You cannot be hasted, slowed, berserked, paralysed or teleported.
You can dig through walls and to a lower floor.
You have a pair of large antennae on your head. (SInv)
Your four strong arms can wield two-handed weapons with a shield.


Message History

The helpless water moccasin skeleton fails to defend itself.
You hit the water moccasin skeleton.
The water moccasin skeleton is almost destroyed.
The water moccasin skeleton is no longer paralysed.
The water moccasin skeleton barely misses you.
The water moccasin skeleton bites you but does no damage.
You hit the water moccasin skeleton. You burn the water moccasin skeleton.
You destroy the water moccasin skeleton!
You see here a +0 dagger.
You start resting.
Your trail of clouds dissipates.
You start resting.
HP restored.
An orc wizard comes into view. It is wielding a +0 dagger.
The orc wizard shouts!
You hear a shout!
An orc warrior comes into view. It is wielding a +0 dire flail.
The orc warrior shouts!
An orc comes into view. It is wielding a +0 club.
The orc warrior barely misses you.
You hit the orc warrior but do no damage.
Space warps around the orc warrior.
The orc warrior is lightly wounded.
The orc warrior hits you with a +0 dire flail!
You barely miss the orc warrior.
The orc warrior is lightly wounded.
You hit the orc warrior but do no damage.
The orc warrior is lightly wounded.
You hit the orc.
The orc warrior hits you with a +0 dire flail!
The orc barely misses you.
You hit the orc but do no damage.
The orc is heavily wounded.
You hit the orc warrior but do no damage.
The orc warrior hits you with a +0 dire flail!!
* * * LOW HITPOINT WARNING * * *
You are too injured to fight recklessly!
Unknown command.
The orc warrior hits you with a +0 dire flail!
You die...
Xom giggles madly!

#.# #.#.# .......###.
#.####.#.# ###.........
#........# #.......#
#........# #....#......
#........# #....# .#...
##........###### #.o..#
# . ..........[....#
##....#
........######.###o....#
#..###### #..@o...#)#
#..# #########.# #...
### ...# ##.# ∆ #.# {
... { { {{


You could see an orc warrior, an orc wizard and an orc.

Vanquished Creatures
  An ogre (D:4)
  An ice beast (D:3)
  A scorpion (D:7)
  A water moccasin skeleton (D:7)
  A hound (D:7)
  An iguana (D:3)
  2 gnolls (D:4)
  7 adders
  A dart slug (D:2)
  4 orcs
  5 endoplasms
  4 giant cockroaches
  4 goblins
  3 hobgoblins
  2 jackals (D:3)
  6 kobolds
  3 quokkas
  4 ball pythons
  3 bats
  2 frilled lizards (D:2)
  4 rats
60 creatures vanquished.

Vanquished Creatures (others)
  Eustachio (D:4)
  A gnoll sergeant (D:4)
  A gnoll (D:4)
3 creatures vanquished.

Grand Total: 63 creatures vanquished

Notes
Turn   | Place    | Note
-------+----------+-------------------------------------------
     0 | D:1      | oldriver the Formicid Chaos Knight began the quest for the
                  | Orb.
     0 | D:1      | Reached XP level 1. HP: 18/18 MP: 1/1
    75 | D:1      | Reached skill level 1 in Dodging
   271 | D:1      | Reached XP level 2. HP: 23/24 MP: 2/2
   318 | D:1      | Found Lamoekel's Book Shoppe.
   416 | D:1      | Found a faded altar of an unknown god.
   606 | D:2      | Reached XP level 3. HP: 20/29 MP: 3/3
   807 | D:2      | XOM is BORED!
   807 | D:2      | XOM: silly message
   812 | D:2      | XOM: silly message
   829 | D:2      | XOM: silly message
  1123 | D:2      | Reached XP level 4. HP: 37/37 MP: 4/4
  1225 | D:2      | XOM: god gift: cloak {god gift}
  1317 | D:2      | Found an opulent altar of Gozag.
  1794 | D:3      | Noticed an ice beast
  1794 | D:3      | a jelly changed into an ice beast
  1796 | D:3      | XOM: confuse monster(s)
  1798 | D:3      | Killed an ice beast
  1799 | D:3      | Reached skill level 4 in Fighting
  1799 | D:3      | Reached XP level 5. HP: 27/42 MP: 5/5
  1893 | D:3      | XOM: cloud trail
  2143 | D:3      | Reached XP level 6. HP: 49/49 MP: 6/6
  2178 | D:3      | Found a transporter.
  2179 | D:3      | Noticed RancidPinata's ghost (weakling GrDe)
  2180 | D:3      | Identified the +2 dire flail of Ihuxopta {freeze, Fragile
                  | Str-4 Int+10 Dex+6}
  2180 | D:3      | Noticed an ogre
  2187 | D:3      | Found a transporter.
  2503 | D:3      | Identified the ring of Lusoessi {rF+ rC+ Will+++ rCorr
                  | Str-4}
  2784 | D:4      | Noticed an ogre
  2789 | D:4      | Killed an ogre
  2820 | D:4      | XOM: cloud trail
  2909 | D:4      | Noticed Eustachio
  2913 | D:4      | XOM: fake destruction
  2940 | D:4      | XOM: swap monsters
  2986 | D:4      | XOM: destruction
  2988 | D:4      | Killed Eustachio
  2988 | D:4      | XOM: divine lightning
  3002 | D:4      | XOM: enchant monster (good)
  3007 | D:4      | Reached XP level 7. HP: 41/55 MP: 7/7
  3274 | D:4      | XOM: divine lightning
  3282 | D:4      | XOM: enchant monster (good)
  3313 | D:4      | HP: 1/55 [gnoll (4)]
  3332 | D:4      | You fall into a shaft and drop 3 floors!
  3341 | D:7      | XOM: divination: detect items
  3398 | D:7      | XOM: god gift: robe {god gift}
  3633 | D:7      | Reached skill level 5 in Fighting
  3648 | D:7      | XOM: cloud trail
  3879 | D:7      | Slain by an orc warrior

Illustrated notes

Levels and vault maps discovered:
D:1:      dpeg_arrival_pond, layout_basic, chequers_ecumenical_altar_simple,
          serial_shops, nicolae_shop_hallway_stairs
D:2:      layout_basic, basic_altar
D:3:      layout_loops_ring, gammafunk_ghost_smash, mrwooster_statue_mirror
D:4:      layout_loops_cross, uniq_eustachio, uniq_sigmund
D:7:      layout_basic, minmay_temple_entry_fiery

Skill      XL: |  1  2  3  4  5  6  7 |
---------------+----------------------+-----
Dodging        | 1 2 3 |  3.3
Armour         | 3 4 |  4.5
Fighting       | 4 5 |  5.2
Axes           | 4 |  4.7

Action                   |  1- 3 |  4- 6 |  7- 9 || total
-------------------------+-------+-------+-------++-------
Melee: Hand axe          |    48 |   137 |    49 ||   234
       Punch             |       |     1 |     1 ||     2
Throw: Dart              |     1 |       |       ||     1
 Abil: Shaft Self        |       |       |     1 ||     1
  Use: Scroll            |       |     2 |       ||     2
       Potion            |       |     2 |       ||     2
 Stab: Petrified         |       |     2 |       ||     2
       Paralysed         |       |       |     3 ||     3
Armor: Leather armour    |    15 |    50 |    14 ||    79
Dodge: Dodged            |    28 |    99 |    28 ||   155

Table legend: (Time is in decaauts)
 A = Elapsed time spent in this place.
 B = Non-inter-level travel time spent in this place.
 C = Inter-level travel time spent in this place.
 D = Time resting spent in this place.
 E = Time spent auto-exploring this place.
 F = Levels seen in this place.
 G = Mean time per level.
                   A        B        C        D        E       F      G
               +--------+--------+--------+--------+--------+-----+--------+
         Total |   3901 |   3807 |     94 |    519 |   2535 |   5 |  780.2 |
       Dungeon |   3901 |   3807 |     94 |    519 |   2535 |   5 |  780.2 |
               +--------+--------+--------+--------+--------+-----+--------+

Top non-repeatable levels by time:
     D:2: 1258 daAuts
     D:3: 1028 daAuts
     D:4: 554 daAuts
     D:7: 549 daAuts
     D:1: 510 daAuts
